 Dungeon Crawl Stone Soup version 0.31-a0-246-g8cbcc1cb85 (webtiles) character file.

Game seed: 17531187687855432827

58 unvoicedpapa the Grave Robber (level 3, 0/24 HPs)
             Began as a Mummy Necromancer on July 13, 2023.
             Slain by Natasha (8 damage)
             ... on level 3 of the Dungeon.
             The game lasted 00:15:42 (1322 turns).

unvoicedpapa the Grave Robber (Mummy Necromancer)   Turns: 1322, Time: 00:15:42

Health: 0/24       AC:  2    Str: 11    XL:     3   Next: 76%
Magic:  4/7        EV: 12    Int: 16    God:
Gold:   66         SH:  0    Dex: 12    Spells: 4/8 levels left

rFire   x . .        b - +0 mace
rCold   + . .        (no shield)
rNeg    + + +        a - +0 robe
rPois   ∞            (no helmet)
rElec   .            (no cloak)
rCorr   .            (no gloves)
SInv    .            (no boots)
Will    .....        (no amulet)
Stlth   ++           (no ring)
HPRegen 0.24/turn    (no ring)
MPRegen 0.10/turn

%: faith
@: no status effects
A: cold resistance 1, negative energy resistance 3, torment resistance 2, heat
vulnerability 1, in touch with death 1, no potions, faith
a: no special abilities


You were on level 3 of the Dungeon.
You visited 1 branch of the dungeon, and saw 3 of its levels.

You collected 66 gold pieces.

Inventory:

Hand Weapons
 b - a +0 mace (weapon)
Armour
 a - a +0 robe (worn)
Jewellery
 c - a ring of poison resistance
Scrolls
 e - 2 scrolls of teleportation
 f - 2 scrolls of fog
Potions
 d - a potion of might {unknown}
 h - a potion of haste {unknown}


   Skills:
 + Level 0.3 Fighting
 + Level 0.5 Maces & Flails
 + Level 1.8 Dodging
 + Level 1.7 Stealth
 + Level 3.2 Spellcasting
 * Level 4.8 Necromancy


You had 4 spell levels left.
You knew the following spells:

 Your Spells              Type           Power      Damage    Failure   Level
a - Necrotise             Necr           100%       1d9       2%          1
b - Call Canine Familiar  Summ           2%         N/A       50%         3

Your spell library contained the following spells:

 Spells                   Type           Power      Damage    Failure   Level
 Vampiric Draining        Necr           27%        2d7       8%          3
 Summon Small Mammal      Summ           8%         N/A       19%         1
 Animate Dead             Necr           27%        N/A       24%         4
 Summon Guardian Golem    Hex/Summ       2%         N/A       50%         3
 Agony                    Necr           27%        N/A       56%         5


Dungeon Overview and Level Annotations

Branches:
Dungeon (3/15)

Altars:

Shops:
D:2 =

Annotations:
D:3 Natasha


Innate Abilities, Weirdness & Mutations

You are immune to poison.
Your flesh is cold resistant. (rC+)
You are immune to negative energy. (rN+++)
You are immune to unholy pain and torment.
You are vulnerable to heat. (rF-)
You are in touch with the powers of death.
You do not drink.
You have a special connection with the divine. (Faith)


Message History

Your hobgoblin skeleton misses the frilled lizard.
The frilled lizard misses you.
Casting: Necrotise (safe; 2% risk of failure)
Confirm with . or Enter, or press ? or * to list all spells.
You don't know that spell.
Casting: Necrotise (safe; 2% risk of failure)
Confirm with . or Enter, or press ? or * to list all spells.
Aiming: Necrotise (safe; 2% risk of failure)
Press: ? - help, Shift-Dir - straight line, f/p - frilled lizard
Aim: a frilled lizard (ally target, chance to affect: 93%)
You feel a surge of power!
The frilled lizard writhes in agony.
You kill the frilled lizard!
There is a stone staircase leading down here.
You climb downwards.
Your mindless puppets stay behind to rot.
There is a stone staircase leading up here.
Natasha, Servant of Life and Death comes into view.
Casting: Necrotise (safe; 2% risk of failure)
Confirm with . or Enter, or press ? or * to list all spells.
Aiming: Necrotise (safe; 2% risk of failure)
Press: ? - help, Shift-Dir - straight line, f - Natasha
Aim: Natasha (asleep, chance to affect: 83%)
You feel a surge of power!
Natasha hisses angrily.
Natasha writhes in agony!
Natasha stares at you and mumbles some strange words.
The magic dart hits you!
You completely miss Natasha.
Natasha is heavily wounded.
Natasha casts a spell at you. The magic dart hits you!
* * * LOW HITPOINT WARNING * * *
You closely miss Natasha.
Natasha is heavily wounded.
Natasha barely misses you.
Natasha hisses.
Natasha drinks a potion.
Natasha flickers and vanishes!
Deactivating autopickup; reactivate with Ctrl-A.
You closely miss something. Something claws you!
You die...

#.#
#.#
#.#
####
#.#
...#
#.#
...#.#
#.#.#
#...#
###@#
#{#
#.#
#.#
#.#
...
###


There were no monsters in sight!

Vanquished Creatures
  An adder (D:2)
  A worm (D:2)
  3 dart slugs
  4 bats
  6 endoplasms
  2 giant cockroaches
  5 hobgoblins
  3 quokkas
  4 ball pythons
  2 frilled lizards (D:2)
  2 kobolds
  3 rats
36 creatures vanquished.

Vanquished Creatures (collateral kills)
  A goblin (D:2)
1 creature vanquished.

Grand Total: 37 creatures vanquished

Notes
Turn   | Place    | Note
-------+----------+-------------------------------------------
     0 | D:1      | unvoicedpapa the Mummy Necromancer began the quest for the
                  | Orb.
     0 | D:1      | Reached XP level 1. HP: 13/13 MP: 4/4
   181 | D:1      | Reached XP level 2. HP: 11/19 MP: 1/5
   678 | D:1      | Gained mutation: You are in touch with the powers of death.
                  | [Mummy growth]
   678 | D:1      | Reached XP level 3. HP: 24/24 MP: 7/7
   976 | D:2      | Found Cyoff's Jewellery Emporium.
  1212 | D:2      | Learned a level 3 spell: Call Canine Familiar
  1312 | D:3      | Noticed Natasha
  1322 | D:3      | Slain by Natasha

Illustrated notes

Levels and vault maps discovered:
D:1:      enne_arrival_octagon_isle, layout_basic
D:2:      layout_loops_cross, serial_shops, nicolae_shop_real_fake_doors,
          uniq_crazy_yiuf_cottage, uniq_sigmund
D:3:      layout_basic, mainiacjoe_overflow_divided_tiny, uniq_natasha,
          uniq_grinder

Skill      XL: |  1  2 |
---------------+-------+-----
Spellcasting   | 3 |  3.2
Fighting       | |  0.3
Maces & Flails | |  0.5
Dodging        | |  1.8
Stealth        | |  1.7
Necromancy     | |  4.8

Action                     || total
---------------------------++-------
  Melee: Mace              ||    66
         Punch             ||     1
   Cast: Necrotise         ||    30
         Call Canine Famil ||     2
    Use: Scroll            ||     2
   Stab: Sleeping          ||     4
 Armour: Robe              ||    18
  Dodge: Dodged            ||    59

Table legend: (Time is in decaauts)
 A = Elapsed time spent in this place.
 B = Non-inter-level travel time spent in this place.
 C = Inter-level travel time spent in this place.
 D = Time resting spent in this place.
 E = Time spent auto-exploring this place.
 F = Levels seen in this place.
 G = Mean time per level.
                   A        B        C        D        E       F      G
               +--------+--------+--------+--------+--------+-----+--------+
         Total |   1345 |    549 |    796 |     65 |    108 |   3 |  448.3 |
       Dungeon |   1345 |    549 |    796 |     65 |    108 |   3 |  448.3 |
               +--------+--------+--------+--------+--------+-----+--------+

Top non-repeatable levels by time:
     D:1: 822 daAuts
     D:2: 508 daAuts
     D:3: 14 daAuts
